Map: Orbital Shipyard

Players

ILLBdA - Winner!

  • Race: Protoss Protoss
  • League: Diamond

바이는바보

  • Race: Terran Terran
  • League: Diamond

VOD

Have the link to the VOD?

Description

Time

  • Played on: Dec. 31, 2015, 7:24 a.m.
  • Length: 3:07
Show
View Real Time Build Order
Export as new Build Order

ILLBdA Protoss - Winner!

Build Orders:  

Get SALT Encoding   

  12  0:01  Probe (Chrono Boost)  
  13  0:11  Probe (Chrono Boost)  
  14  0:18  Pylon  
  14  0:22  Probe (Chrono Boost)  
  15  0:36  Gateway, Probe (Chrono Boost)  
  16  0:47  Probe (Chrono Boost)  
  16  0:48  Assimilator  
  17  0:58  Probe (Chrono Boost)  
  17  0:59  Assimilator  
  18  1:08  Probe (Chrono Boost)  
  19  1:14  Gateway  
  19  1:19  Probe (Chrono Boost)  
  19  1:25  Cybernetics Core  
  20  1:29  Probe (Chrono Boost)  
  21  1:33  Pylon  
  22  1:40  Probe (Chrono Boost)  
  22  1:50  Probe (Chrono Boost)  
  25  2:01  Mothership Core (Chrono Boost), Adept x2  
  29  2:09  Pylon  
  29  2:20  Probe (Chrono Boost)  
  30  2:33  Stalker  
  34  2:56  Pylon  
  34  2:57  Pylon  
  34  3:01  Pylon  
Show
View Real Time Build Order
Export as new Build Order

바이는바보 Terran 

Build Orders: Reaper Expand 

Get SALT Encoding   

  12  0:02  SCV  
  13  0:14  SCV  
  13  0:19  Supply Depot  
  14  0:26  SCV  
  15  0:29  Refinery  
  15  0:42  Barracks  
  15  0:45  SCV  
  16  0:57  SCV  
  17  1:09  SCV  
  18  1:21  SCV  
  19  1:30  Reaper  
  20  1:35  Orbital Command  
  20  1:47  Command Center  
  20  1:58  Factory  
  20  2:03  Refinery  
  20  2:15  Barracks Reactor, SCV  
  20  2:21  Supply Depot  
  21  2:27  SCV  
  21  2:51  Factory Tech Lab  
  21  2:52  Bunker  
Tags
 
Add a new tag
Caveats
  • Supply blocks, unpowered buildings, or Contaminate may cause inaccurate times.
  • Supply counts are checked every 10 seconds.